Map: Yellowjacket

Players

Hex

  • Race: Terran Terran
  • Spawn Location: 9:00

Hathoris

  • Race: Protoss Protoss
  • Spawn Location: 7:00

VOD

Have the link to the VOD?

Description

Time

  • Played on: Aug. 2, 2026, 6:27 p.m.
  • Length: 36:01
Show
View Real Time Build Order
Export as new Build Order

Hex Terran 

Build Orders:  

Get SALT Encoding   

  8  0:29  Supply Depot  
  8  1:10  Barracks  
  8  1:19  Refinery  
  8  1:20  SCV  
  9  1:37  SCV  
  10  1:54  SCV  
  11  2:17  Orbital Command  
  12  2:53  Reaper  
  12  2:59  SCV  
  13  3:16  SCV  
  14  3:33  SCV, Marine  
  16  3:58  Marine  
  17  4:43  SCV  
  18  4:54  Barracks Tech Lab  
  18  5:00  SCV  
  18  5:34  Marauder  
  20  5:45  SCV  
  21  6:07  Bunker  
  21  7:13  Factory  
  21  7:57  Refinery  
  21  8:55  Supply Depot  
  21  8:59  Supply Depot  
  21  9:25  SCV  
  23  9:33  Reaper  
  23  9:42  SCV  
  24  9:59  SCV  
  25  10:02  Starport  
  25  10:13  Marauder  
  25  10:16  SCV  
  25  10:17  Armory  
  28  10:33  SCV  
  30  10:50  SCV, Reaper  
  31  11:08  SCV  
  32  11:25  SCV  
  33  11:30  Marauder  
  33  11:33  Medivac  
  33  11:36  Command Center  
  37  12:22  Refinery  
  37  12:30  Supply Depot  
  37  13:00  SCV  
  42  13:11  Reaper  
  42  13:51  Marauder  
  44  14:00  Viking, Unknown  
  46  14:42  Medivac  
  48  14:56  Marauder  
  50  15:17  Factory Tech Lab  
  50  15:24  Medivac  
  50  15:26  Marauder  
  54  15:49  Siege Tank  
  57  15:59  SCV  
  58  16:17  Orbital Command  
  58  18:45  Supply Depot  
  58  19:15  Viking, Siege Tank, SCV  
  64  19:32  Supply Depot, SCV  
  65  19:48  Engineering Bay  
  65  19:49  SCV  
  66  19:55  Factory  
  66  20:02  Medivac, Siege Tank  
  66  20:06  SCV  
  72  20:23  SCV  
  73  20:40  SCV  
  74  21:41  SCV  
  71  23:08  Viking  
  69  25:47  Unknown  
  69  27:09  Widow Mine  
  69  27:13  SCV  
  72  27:30  SCV  
  72  27:34  Starport Tech Lab  
  73  27:47  SCV  
  74  28:11  Supply Depot  
  74  28:33  Supply Depot  
  74  28:38  Supply Depot  
  74  28:41  SCV x2, Hellbat, Banshee  
  81  28:58  SCV  
  82  29:03  SCV, Thor  
  89  29:11  Hellbat  
  89  29:15  SCV  
  92  29:29  Raven  
  92  29:32  SCV  
  93  29:49  SCV  
  98  30:11  Hellion  
  98  32:16  Hellbat  
  98  32:46  Hellbat  
  96  33:07  SCV  
  97  33:24  SCV  
Show
View Real Time Build Order
Export as new Build Order

Hathoris Protoss 

Build Orders:  

Get SALT Encoding   

  8  0:18  Pylon  
  8  0:24  Probe (Chrono Boost)  
  9  0:35  Probe (Chrono Boost)  
  10  0:54  Probe (Chrono Boost)  
  11  1:14  Probe (Chrono Boost)  
  12  1:28  Forge  
  12  1:37  Gateway  
  12  1:44  Probe (Chrono Boost)  
  14  2:01  Probe (Chrono Boost)  
  14  2:17  Probe (Chrono Boost)  
  15  2:28  Probe (Chrono Boost)  
  15  2:37  Assimilator  
  16  2:40  Probe (Chrono Boost)  
  16  2:43  Assimilator  
  17  2:55  Probe (Chrono Boost)  
  18  3:04  Cybernetics Core  
  18  3:12  Probe (Chrono Boost)  
  19  3:22  Pylon  
  19  3:29  Probe (Chrono Boost)  
  20  3:42  Probe (Chrono Boost)  
  20  3:48  Pylon  
  21  3:54  Probe (Chrono Boost)  
  22  4:06  Probe (Chrono Boost)  
  23  4:23  Probe (Chrono Boost)  
  23  4:28  Photon Cannon  
  24  4:30  Photon Cannon  
  24  4:36  Photon Cannon  
  25  4:40  Probe (Chrono Boost)  
  25  4:47  Photon Cannon  
  25  4:56  Photon Cannon  
  25  5:22  Photon Cannon  
  25  5:33  Photon Cannon  
  25  5:34  Probe (Chrono Boost)  
  25  5:36  Warp Gate  
  26  5:46  Probe (Chrono Boost)  
  27  5:59  Probe (Chrono Boost)  
  28  6:16  Pylon  
  28  6:20  Photon Cannon  
  28  6:22  Photon Cannon  
  28  6:24  Pylon  
  28  6:50  Gateway  
  28  6:52  Pylon  
  28  7:01  Cybernetics Core  
  28  7:13  Photon Cannon  
  28  7:46  Nexus  
  28  8:01  Assimilator  
  28  8:02  Assimilator  
  28  8:14  Robotics Facility  
  28  8:23  Robotics Facility  
  28  8:38  Probe (Chrono Boost)  
  29  8:49  Probe (Chrono Boost)  
  30  9:01  Photon Cannon  
  30  9:02  Probe (Chrono Boost)  
  30  9:08  Zealot  
  33  9:12  Stalker  
  33  9:18  Probe (Chrono Boost)  
  36  9:47  Photon Cannon  
  36  9:52  Sentry  
  36  9:54  Photon Cannon  
  38  10:00  Photon Cannon  
  38  10:20  Immortal  
  38  10:23  Immortal  
  46  10:54  Probe (Chrono Boost)  
  47  11:02  Probe (Chrono Boost)  
  47  11:06  Probe (Chrono Boost)  
  49  11:13  Probe (Chrono Boost)  
  49  11:19  Stalker x2  
  69  11:20  Probe (Chrono Boost)  
  54  11:26  Probe (Chrono Boost)  
  56  11:36  Probe (Chrono Boost)  
  57  11:43  Probe (Chrono Boost)  
  58  11:53  Probe (Chrono Boost)  
  58  11:56  Pylon  
  58  11:58  Pylon  
  60  12:00  Probe (Chrono Boost)  
  60  12:02  Pylon  
  60  12:04  Probe (Chrono Boost)  
  60  12:06  Pylon  
  61  12:16  Probe (Chrono Boost)  
  61  12:17  Probe (Chrono Boost)  
  63  12:30  Probe (Chrono Boost)  
  63  12:34  Probe (Chrono Boost)  
  65  12:47  Probe (Chrono Boost)  
  67  12:51  Probe (Chrono Boost)  
  67  12:54  Immortal, Robotics Bay  
  67  12:55  Immortal  
  75  13:08  Probe (Chrono Boost)  
  76  13:13  Gateway  
  76  13:16  Gateway  
  76  13:18  Gateway  
  76  13:31  Gateway  
  76  13:32  Gateway  
  76  13:35  Gateway  
  76  13:41  Gateway  
  76  13:56  Pylon  
  70  16:58  Colossus  
  70  16:59  Colossus  
  82  17:32  Protoss Ground Weapons Level 1 (Chrono Boost)  
  82  17:59  Nexus  
  82  18:03  Disruptor  
  82  18:05  Zealot  
  82  18:06  Zealot x2  
  82  18:07  Zealot  
  82  18:08  Zealot x2  
  82  18:09  Zealot, Observer  
  101  18:27  Extended Thermal Lance (Chrono Boost)  
  101  18:39  Immortal  
  105  18:44  Twilight Council  
  105  19:16  Pylon  
  105  19:20  Pylon  
  105  19:23  Pylon  
  105  19:26  Pylon  
  105  19:33  Pylon  
  105  19:39  Immortal  
  109  20:13  Protoss Ground Weapons Level 2 (Chrono Boost)  
  109  20:40  Probe (Chrono Boost)  
  109  20:47  Assimilator  
  110  20:52  Assimilator, Probe (Chrono Boost)  
  110  20:53  Colossus  
  110  20:58  Colossus  
  111  21:05  Probe (Chrono Boost)  
  118  21:17  Zealot  
  118  21:18  Zealot x4  
  118  21:19  Zealot x4  
  143  21:20  Probe (Chrono Boost)  
  143  21:36  Probe  
  144  22:28  Charge (Chrono Boost)  
  144  22:31  Unknown  
  144  23:08  Nexus  
  144  23:12  Assimilator  
  144  23:16  Assimilator  
  144  23:19  Pylon  
  144  23:24  Pylon  
  144  23:33  Unknown  
  144  23:47  Unknown  
  144  24:13  Unknown x2  
  138  24:44  Unknown  
  138  24:51  Unknown  
  138  25:15  Blink (Chrono Boost)  
  138  25:21  Unknown  
Tags
 
Add a new tag
Caveats
  • Supply blocks, unpowered buildings, or Contaminate may cause inaccurate times.
  • Supply counts are checked every 10 seconds.